 Dungeon Crawl Stone Soup version 0.16-a0-4002-g2d13b8e (console) character file.

74 hhkb the Stinger (level 4, 0/27 HPs)
             Began as an Octopode Venom Mage on Feb 14, 2015.
             Slain by a hobgoblin
             ... wielding a +2 dagger of venom
              (2 damage)
             ... on level 2 of the Dungeon.
             The game lasted 00:11:26 (2320 turns).

hhkb the Stinger (Octopode Venom Mage)              Turns: 2320, Time: 00:11:26

Health: 0/27       AC:  1    Str:  7    XL:     4   Next: 30%
Magic:  4/7        EV: 12    Int: 18    God:
Gold:   89         SH:  0    Dex: 12    Spells: 3 memorised, 1 level left

rFire  . . .     SeeInvis .     (no weapon)
rCold  . . .     Clarity  .     (no shield)
rNeg   . . .     SustAb   .     (helmet restricted)
rPois  .         Gourm    .     (no amulet)
rElec  .         Spirit   .     (no ring)
rCorr  .         Warding  .     (no ring)
rMut   .         Stasis   .     (no ring)
MR     .....                    (no ring)
Stlth  +++.......               (no ring)
                                (no ring)
                                (no ring)
                                (no ring)

@: lethally poisoned (0 -> -6), not resistant to hostile enchantments, fairly
stealthy
A: almost no armour, amphibious, 8 rings, constrict 8, camouflage 1, gelatinous
body 1
a: no special abilities


You were on level 2 of the Dungeon.
You were hungry.

You visited 1 branch of the dungeon, and saw 2 of its levels.

You collected 89 gold pieces.

Inventory:

Hand weapons
 a - a +1 hunting sling of freezing
   (You found it on level 1 of the Dungeon)
 d - a +0 club
   (You took it off a hobgoblin on level 1 of the Dungeon)
 e - a +0 dagger
   (You took it off a goblin on level 1 of the Dungeon)
 f - a +0 club
   (You found it on level 1 of the Dungeon)
 h - a +0 hunting sling of evasion
   (You took it off a goblin on level 1 of the Dungeon)
 j - a +0 club
   (You took it off a hobgoblin on level 1 of the Dungeon)
Missiles
 l - 67 stones (quivered)
 n - 16 sling bullets of frost
 p - 14 sling bullets
Scrolls
 i - a scroll of noise {unknown}
Books
 b - a Young Poisoner's Handbook
Comestibles
 c - 3 bread rations {@e1}
 g - 3 fruits
 k - a slice of pizza
 o - 2 meat rations {@e2}


   Skills:
 - Level 2.0 Dodging
 - Level 2.6 Stealth
 - Level 2.0 Spellcasting
 + Level 3.8 Conjurations
 - Level 4.8 Poison Magic


You had one spell level left.
You knew the following spells:

 Your Spells              Type           Power        Failure   Level  Hunger
a - Sting                 Conj/Pois      ###.         3%          1    #......
x - Mephitic Cloud        Conj/Pois/Air  ##......     21%         3    ###....
P - Cure Poison           Pois           ###.......   4%          2    ###....


Dungeon Overview and Level Annotations

Branches:
Dungeon (2/15)

Altars:

Annotations:
D:2 Crazy Yiuf


Innate Abilities, Weirdness & Mutations

You cannot wear most types of armour.
You are amphibious.
You can wear up to eight rings at the same time.
You can use your tentacles to constrict many enemies at once.
Your skin changes colour to match your surroundings (Stealth).
Your rubbery body absorbs attacks (AC +1).


Message History

MASSIVE DAMAGE!!
You swing at nothing.
Crazy Yiuf misses you.
You regained 5 hp, and now have 18/27 hp.
You regained 4 hp, and now have 22/27 hp.
You swing at nothing.
Crazy Yiuf hits you with a quarterstaff of chaos!!
Ouch! That really hurt!
* * * LOW HITPOINT WARNING * * *
You take 17 damage, and have 5/27 hp.
MASSIVE DAMAGE!!
You see here a club.
You regained 5 hp, and now have 10/27 hp.
You feel less invigorated.
You feel less confused.
Crazy Yiuf cries, "Tosser green testudinal!"
Crazy Yiuf hits you with a quarterstaff of chaos!
* * * LOW HITPOINT WARNING * * *
x2 You take 9 damage, and have 1/27 hp.
MASSIVE DAMAGE!!
You tentacle-slap Crazy Yiuf. You grab Crazy Yiuf. You constrict Crazy Yiuf.
Crazy Yiuf closely misses you.
You release your grip on Crazy Yiuf.
You see here a club.
Crazy Yiuf says, "Line senile arm!"
Crazy Yiuf closely misses you.
Crazy Yiuf yells, "Fire!"
There is an open door here.
Things that are here:
a hunting sling; an uncursed club You are feeling hungry.
There is an open door here.
The goblin shouts!
The goblin throws a stone.
The stone barely misses you.
Crazy Yiuf says, "Papa!
Tonal cower agre."
Crazy Yiuf no longer looks unusually strong.
Crazy Yiuf screams, "Adder!
Prologue seventy agre."
Crazy Yiuf says, "Dawk!"
A goblin comes into view.
Crazy Yiuf whimpers, "Cod!
Walk infinity high."
There is a stone staircase leading up here.
Crazy Yiuf screams, "Fluff song turtle!"
You see here a club.
Crazy Yiuf screams, "Powder!
Lugonu aubergine mobile."
Crazy Yiuf yells, "Fluff!
Trifle sanguine seventy."
Crazy Yiuf flaps his cloak.
Crazy Yiuf says, "Crazy?
Crazy!?
PORCUPINE!"
Crazy Yiuf laughs, "Ice!
Line ladder verde."
Crazy Yiuf screams, "Tosser!"
Crazy Yiuf says, "Shower snail toodlewoodle!"
Crazy Yiuf yells, "Castle!"
Crazy Yiuf twirls on the spot.
Crazy Yiuf screams, "Pitchfork King hand!"
Crazy Yiuf screams, "Aardvark!"
Crazy Yiuf twirls on the spot.
Crazy Yiuf says, "Cod!"
Found a stone staircase leading up.
A hobgoblin comes into view. It is wielding a dagger of venom.
The hobgoblin shouts!
The hobgoblin hits you with a dagger of venom.
You are poisoned.
You take 2 damage, and have 11/27 hp.
You feel sick.
You take 1 damage, and have 10/27 hp.
You feel sick.
You take 1 damage, and have 9/27 hp.
Crazy Yiuf grits, "Tosser!
Paint stair Hive."
Crazy Yiuf closely misses you.
You feel sick.
You take 1 damage, and have 8/27 hp.
You feel sick.
You take 1 damage, and have 7/27 hp.
You feel sick.
You take 1 damage, and have 6/27 hp.
Crazy Yiuf says, "Iron down poople!"
You feel sick.
You take 1 damage, and have 6/27 hp.
Crazy Yiuf whimpers, "Prologue!
You forty-two spinner."
You feel sick.
You take 1 damage, and have 5/27 hp.
You feel sick.
You take 1 damage, and have 4/27 hp.
Crazy Yiuf says, "Snower fast mobile!"
You feel sick.
The goblin shouts!
You see here a stone.
You take 1 damage, and have 4/27 hp.
Okay, then.
Unknown command.
Okay, then.
Unknown command.
You are no longer poisoned.
The hobgoblin hits you with a dagger of venom.
* * * LOW HITPOINT WARNING * * *
You are lethally poisoned!
You take 1 damage, and have 3/27 hp.
You now have 5/7 mp.
The sting hits the hobgoblin.
The hobgoblin is poisoned.
* * * LOW HITPOINT WARNING * * *
You feel sick. The goblin completely misses you.
The hobgoblin hits you with a dagger of venom.
You die...

#.#(.g..).....###
#...#####........ ####.##
#.#...### #....# #.##.###.
#..<.# #.##.# ## #...##
##.##.# # ##.## #g.##)## #.#
#g# #.##...## ##..# #@###
##g#.....## .#.# #g#.##
#.........#
.#.########g...###..........
....................'........)
..........###g....#(#..(......
#.##.###..# #.#(#.#.##.......#
#.##.# #g.# #g###.#.###.....##
#.#..# #..###......###....###
#.#.## #...........# #....#


You could see Crazy Yiuf, a hobgoblin and 3 goblins.

Vanquished Creatures
  Robin (D:1)
  An adder (D:2)
  2 worms (D:2)
  2 giant geckos
  4 bats
  12 goblins
  7 hobgoblins
  4 jackals (D:1)
  4 kobolds (D:1)
  3 rats (D:1)
40 creatures vanquished.

Notes
Turn   | Place    | Note
--------------------------------------------------------------
     0 | D:1      | hhkb, the Octopode Venom Mage, began the quest for the Orb.
     0 | D:1      | Reached XP level 1. HP: 11/11 MP: 3/3
   375 | D:1      | Reached skill level 1 in Conjurations
   472 | D:1      | Reached XP level 2. HP: 17/17 MP: 4/4
   676 | D:1      | Reached skill level 2 in Conjurations
   831 | D:1      | Reached XP level 3. HP: 21/21 MP: 6/6
   885 | D:2      | Noticed Robin
   891 | D:1      | HP: 1/21 [goblin[Robin] (5)]
  1111 | D:1      | Killed Robin
  1124 | D:1      | Reached skill level 3 in Conjurations
  1126 | D:1      | HP: 3/21 [goblin/stone[Robin] (5)]
  1145 | D:1      | HP: 1/21 [goblin/stone[Robin] (4)]
  1729 | D:2      | Reached XP level 4. HP: 27/27 MP: 5/7
  1733 | D:2      | Learned a level 2 spell: Cure Poison
  1737 | D:2      | Learned a level 3 spell: Mephitic Cloud
  2123 | D:2      | Noticed Crazy Yiuf
  2163 | D:2      | HP: 5/27 [Crazy Yiuf/quarterstaff of chaos (21)]
  2165 | D:2      | HP: 1/27 [Crazy Yiuf/quarterstaff of chaos (2)]
  2302 | D:2      | HP: 6/27 [poisoned by a hobgoblin]
  2308 | D:2      | HP: 5/27 [poisoned by a hobgoblin]
  2316 | D:2      | HP: 4/27 [poisoned by a hobgoblin]
  2320 | D:2      | Slain by a hobgoblin

Action                   |  1- 3 |  4- 6 || total
-------------------------+-------+-------++-------
Melee: Unarmed           |    16 |     1 ||    17
       Hunting sling     |       |     1 ||     1
 Fire: Hunting sling     |    29 |    23 ||    52
Throw: Stone             |     1 |       ||     1
 Cast: Sting             |    34 |     6 ||    40
       Mephitic Cloud    |       |     1 ||     1
       Cure Poison       |       |     1 ||     1
  Use: Potion            |     2 |     1 ||     3
 Stab: Sleeping          |     1 |       ||     1
  Eat: Chunk             |     2 |     2 ||     4

Vault maps used:
D:1:      minmay_arrival_wavy_path, minmay_bisected
D:2:      first_bread, uniq_robin, uniq_crazy_yiuf_cottage

Table legend:
 A = Turns spent in this place as a percentage of turns spent in the entire game.
 B = Non-inter-level travel turns spent in this place as a percentage of non-inter-level travel turns spent in the entire game.
 C = Inter-level travel turns spent in this place as a percentage of turns spent in this place.
 D = Turns resting spent in this place as a percentage of non-inter-level travel turns spent in this place.
 E = Turns spent auto-exploring this place as a percentage of non-inter-level travel turns spent in this place.
 F = Non-inter-level travel turns spent in this place divided by the number of levels of this place that you've seen.
                   A       B       C       D       E      F
               +-------+-------+-------+-------+-------+----------------------
         Total | 100.0 | 100.0 |   0.7 |   4.0 |   5.7 | 479.5
       Dungeon | 100.0 | 100.0 |   0.7 |   4.0 |   5.7 | 479.5
               +-------+-------+-------+-------+-------+----------------------

Table legend:
 A = Kills in this place as a percentage of kills in entire the game.
 B = Kills by you in this place as a percentage of kills by you in the entire game.
 C = Kills by friends in this place as a percentage of kills by friends in the entire game.
 D = Other kills in this place as a percentage of other kills in the entire game.
 E = Experience gained in this place as a percentage of experience gained in the entire game.
 F = Experience gained in this place divided by the number of levels of this place that you have seen.
                   A       B       C       D       E      F
               +-------+-------+-------+-------+-------+----------------------
         Total | 100.0 | 100.0 |  -nan |  -nan | 100.0 |  53.5
       Dungeon | 100.0 | 100.0 |  -nan |  -nan | 100.0 |  53.5
               +-------+-------+-------+-------+-------+----------------------
